Map: Frozen Temple

Players

blitzkrieg

  • Race: Protoss Protoss
  • League: Platinum

stormerkr - Winner!

  • Race: Zerg Zerg
  • League: Platinum

VOD

Have the link to the VOD?

Description

Time

  • Played on: Aug. 12, 2016, 6:39 p.m.
  • Length: 13:35
Show
View Real Time Build Order
Export as new Build Order

blitzkrieg Protoss 

Build Orders:  

Get SALT Encoding   

  12  0:04  Probe (Chrono Boost)  
  13  0:14  Probe (Chrono Boost)  
  14  0:26  Pylon  
  14  0:31  Probe (Chrono Boost)  
  15  0:45  Probe (Chrono Boost)  
  15  0:47  Gateway  
  16  0:52  Assimilator  
  16  0:55  Probe (Chrono Boost)  
  17  1:06  Probe (Chrono Boost)  
  18  1:17  Probe (Chrono Boost)  
  19  1:27  Probe (Chrono Boost)  
  20  1:36  Cybernetics Core  
  20  1:40  Pylon  
  20  1:53  Nexus  
  19  1:57  Probe (Chrono Boost)  
  19  2:00  Assimilator  
  20  2:08  Probe (Chrono Boost)  
  21  2:13  Warp Gate  
  21  2:14  Adept  
  23  2:18  Probe (Chrono Boost)  
  24  2:24  Pylon  
  24  2:36  Mothership Core (Chrono Boost)  
  26  2:47  Sentry  
  28  3:01  Assimilator  
  28  3:07  Probe (Chrono Boost)  
  29  3:18  Probe (Chrono Boost)  
  30  3:28  Probe (Chrono Boost)  
  31  3:34  Probe (Chrono Boost)  
  31  3:39  Probe (Chrono Boost)  
  33  3:45  Probe (Chrono Boost)  
  33  3:46  Stargate  
  33  3:47  Stargate  
  34  3:49  Probe (Chrono Boost)  
  35  3:56  Probe (Chrono Boost)  
  35  4:01  Probe (Chrono Boost)  
  37  4:06  Probe (Chrono Boost)  
  38  4:13  Probe (Chrono Boost)  
  38  4:14  Gateway  
  38  4:16  Gateway  
  39  4:17  Pylon  
  39  4:23  Probe (Chrono Boost)  
  41  4:25  Probe (Chrono Boost)  
  41  4:29  Phoenix x2  
  45  4:50  Phoenix x2  
  49  5:10  Probe x2 (Chrono Boost)  
  49  5:12  Phoenix  
  49  5:13  Assimilator  
  51  5:16  Phoenix  
  57  5:22  Probe (Chrono Boost)  
  57  5:23  Probe (Chrono Boost)  
  57  5:24  Nexus  
  57  5:35  Probe x2 (Chrono Boost)  
  59  5:48  Pylon  
  59  5:50  Pylon  
  59  5:52  Pylon  
  59  6:13  Stargate  
  59  6:14  Stargate  
  59  6:18  Fleet Beacon  
  57  6:45  Probe (Chrono Boost)  
  60  6:47  Probe x2 (Chrono Boost)  
  60  6:48  Phoenix x2  
  64  6:59  Probe x2 (Chrono Boost)  
  66  7:27  Probe (Chrono Boost)  
  66  7:28  Probe (Chrono Boost)  
  66  7:29  Probe (Chrono Boost)  
  67  7:30  Carrier, Assimilator  
  67  7:32  Assimilator  
  67  7:41  Carrier  
  79  7:45  Forge  
  78  8:04  Carrier  
  77  8:13  Carrier  
  77  8:14  Probe x2 (Chrono Boost)  
  89  8:23  Probe (Chrono Boost)  
  89  8:26  Probe x2 (Chrono Boost)  
  93  8:34  Probe (Chrono Boost), Pylon  
  93  8:35  Pylon  
  93  8:37  Pylon  
  93  8:38  Probe x2 (Chrono Boost)  
  95  8:52  Photon Cannon  
  95  8:54  Photon Cannon  
  95  8:57  Photon Cannon, Adept x3  
  99  9:04  Graviton Catapult  
  99  9:08  Twilight Council  
  99  9:17  Void Ray  
  99  9:18  Void Ray  
  99  9:23  Adept x3  
  107  9:41  Carrier  
  107  9:48  Resonating Glaives  
  113  9:58  Carrier  
  113  10:04  Carrier  
  113  10:09  Templar Archives  
  113  10:12  Nexus  
  125  10:15  Pylon  
  125  10:17  Pylon  
  125  10:25  Pylon  
  125  10:30  Robotics Facility  
  125  10:44  Psionic Storm  
  125  10:47  High Templar  
  125  10:49  High Templar  
  129  10:50  Cybernetics Core  
  104  11:35  Carrier  
  103  11:44  High Templar  
  103  11:45  High Templar  
  113  11:48  Carrier  
  119  12:00  Assimilator  
  119  12:03  Assimilator  
  119  12:20  Cybernetics Core  
  119  12:22  High Templar x2  
  123  12:28  Probe x2 (Chrono Boost)  
Show
View Real Time Build Order
Export as new Build Order

stormerkr Zerg - Winner!

Build Orders: Hatch First 

Get SALT Encoding   

  12  0:01  Drone  
  13  0:07  Drone  
  14  0:17  Overlord  
  14  0:35  Drone x3  
  17  0:53  Hatchery  
  16  0:57  Drone  
  16  1:00  Extractor  
  16  1:01  Drone  
  17  1:08  Drone  
  18  1:20  Spawning Pool  
  18  1:25  Drone  
  18  1:29  Drone  
  19  1:40  Drone  
  20  1:54  Overlord  
  20  2:07  Metabolic Boost  
  20  2:08  Queen  
  20  2:09  Queen  
  24  2:16  Zergling x4  
  26  2:24  Drone x3  
  29  2:38  Drone, Roach Warren  
  29  2:40  Drone  
  30  2:47  Pneumatized Carapace  
  30  2:55  Drone x3  
  33  3:01  Drone x2  
  35  3:07  Overlord  
  34  3:14  Drone  
  35  3:32  Drone x5  
  40  3:34  Drone  
  40  3:38  Hatchery  
  40  3:39  Overlord  
  40  3:42  Drone  
  41  3:49  Drone x2  
  43  3:57  Overlord x2  
  43  4:02  Drone x4  
  47  4:03  Drone  
  47  4:09  Overlord  
  48  4:21  Queen  
  50  4:27  Spore Crawler  
  50  4:28  Hatchery  
  50  4:31  Spore Crawler, Lair  
  47  4:36  Drone x2  
  47  4:37  Drone x2  
  51  4:40  Roach  
  53  4:52  Roach  
  55  4:53  Roach x4  
  63  5:05  Queen  
  63  5:06  Drone x5  
  63  5:07  Drone x2  
  72  5:20  Overlord x3  
  72  5:37  Spore Crawler  
  71  5:43  Spore Crawler  
  71  5:45  Spore Crawler, Hydralisk Den  
  71  5:49  Spore Crawler  
  67  5:54  Spore Crawler  
  62  6:00  Extractor  
  62  6:01  Extractor  
  62  6:03  Extractor  
  59  6:04  Queen  
  59  6:05  Extractor  
  59  6:07  Drone x8  
  59  6:08  Drone x9  
  77  6:15  Extractor  
  77  6:16  Muscular Augments  
  77  6:17  Drone x2  
  77  6:18  Drone x2  
  78  6:32  Drone x5  
  79  6:33  Drone x4  
  79  6:37  Spore Crawler  
  79  6:38  Overlord x2  
  82  6:41  Spore Crawler  
  81  6:50  Overlord x5  
  81  6:51  Overlord x2  
  81  6:59  Drone x2  
  81  7:00  Drone x2  
  83  7:03  Drone  
  84  7:14  Drone x2  
  84  7:15  Drone x5  
  89  7:20  Drone x4  
  93  7:23  Drone x4  
  93  7:29  Drone  
  99  7:30  Drone  
  99  7:31  Queen x4  
  107  7:39  Hydralisk x4  
  107  7:40  Hydralisk  
  107  7:44  Drone x2  
  119  7:57  Hydralisk x4  
  127  8:00  Overlord x5  
  125  8:05  Extractor  
  125  8:07  Extractor  
  113  8:13  Hydralisk x5  
  113  8:14  Hydralisk x2  
  127  8:24  Lurker Den  
  127  8:37  Drone x2  
  127  8:38  Hydralisk x7  
  127  8:39  Hydralisk  
  127  8:40  Hatchery  
  144  8:43  Drone x2  
  146  8:57  Drone x2  
  146  9:01  Hydralisk  
  146  9:02  Hydralisk x7  
  156  9:03  Hydralisk  
  156  9:05  Overlord  
  166  9:18  Overlord  
  166  9:19  Overlord x5  
  166  9:23  Queen  
  140  9:38  Spire  
  135  9:51  Hydralisk x3  
  135  9:52  Hydralisk x9  
  149  9:53  Hydralisk x4  
  149  9:58  Queen  
  169  10:06  Hydralisk x5  
  179  10:07  Hydralisk  
  181  10:15  Drone x5  
  181  10:16  Drone x3, Extractor x2  
  187  10:34  Spire  
  148  11:29  Corruptor x2  
  148  11:30  Corruptor x8  
  148  11:31  Corruptor  
  160  11:34  Corruptor  
  160  11:35  Corruptor x9  
  160  11:36  Corruptor x4  
  170  11:54  Corruptor x5  
  180  12:11  Hatchery  
  180  12:14  Corruptor x3  
  185  12:18  Hatchery  
  184  12:26  Hydralisk x3  
  184  12:27  Hydralisk x4  
  184  12:29  Hatchery  
  183  12:57  Corruptor  
  183  12:58  Corruptor x7  
  175  12:59  Corruptor  
  175  13:01  Hydralisk  
Tags
 
Add a new tag
Caveats
  • Supply blocks, unpowered buildings, or Contaminate may cause inaccurate times.
  • Supply counts are checked every 10 seconds.